 Dungeon Crawl Stone Soup version 0.23.2-30-g0e89c35649 (webtiles) character file.

Game seed: 15698530438149845590

199 Kairos the Chopper (level 5, 0/49 HPs)
             Began as a Deep Dwarf Fighter on June 10, 2019.
             Slain by bmj180's ghost (3 damage)
             ... on level 3 of the Dungeon.
             The game lasted 00:03:51 (2610 turns).

Kairos the Chopper (Deep Dwarf Fighter)             Turns: 2610, Time: 00:03:52

Health: 0/49       AC:  9    Str: 20    XL:     5   Next: 48%
Magic:  3/3        EV:  9    Int:  9    God:
Gold:   245        SH:  9    Dex: 12    Spells: 4/4 levels left

rFire    . . .     SeeInvis .   a - +0 war axe
rCold    . . .     Gourm    .   c - +0 shield
rNeg     . . .     Faith    .   j - +0 ring mail (curse)
rPois    .         Spirit   .   s - +1 hat
rElec    .         Reflect  .   q - +0 cloak
rCorr    .         Harm     .   u - +0 pair of gloves
MR       .....                  (no boots)
Stlth    +.........             (no amulet)
HPRegen  0.00/turn              (no ring)
MPRegen  0.08/turn              (no ring)

@: non-regenerating
A: damage resistance, heal wounds, sense surroundings 1, no regeneration
a: Heal Wounds


You were on level 3 of the Dungeon.
You were hungry.

You visited 1 branch of the dungeon, and saw 3 of its levels.

You collected 245 gold pieces.

Inventory:

Hand Weapons
 a - a +0 war axe (weapon)
Armour
 b - a +0 scale mail
 c - a +0 shield (worn)
 j - a cursed +0 ring mail (worn)
 q - a +0 cloak (worn)
 s - a +1 hat (worn)
 u - a +0 pair of gloves (worn)
Magical Staves
 t - an uncursed staff of cold
Scrolls
 e - 2 scrolls of enchant weapon
 l - a scroll of enchant armour
 m - a scroll of amnesia
 o - 2 scrolls of teleportation
Potions
 d - a potion of might
 g - 2 potions of brilliance
 h - 3 potions of curing {unknown}
 k - a potion of ambrosia {unknown}
 p - 2 potions of degeneration {unknown}
 v - a potion of mutation {unknown}
Comestibles
 f - 7 rations


   Skills:
 + Level 3.2 Fighting
 + Level 4.6 Axes
 + Level 4.0 Armour
 + Level 1.1 Dodging
 + Level 4.1 Shields


You had 4 spell levels left.
You didn't know any spells.
Your spell library was empty.

Dungeon Overview and Level Annotations

Branches:
Dungeon (3/15)

Altars:
Xom

Annotations:
D:3 1 transporter, bmj180's ghost, amateur MfIE


Innate Abilities, Weirdness & Mutations

You are resistant to damage.
You can heal yourself by infusing magical energy.
You passively map a small area around you.
You do not regenerate.


Message History

Bmj180's ghost points at you and mumbles some strange words.
You are frozen.
You hit bmj180's ghost but do no damage.
Bmj180's ghost is severely damaged.
You block bmj180's ghost's attack. Bmj180's ghost casts a spell at you.
The puff of frost hits you!
* * * LOW HITPOINT WARNING * * *
Your shield and ring mail prevent you from hitting bmj180's ghost.
Bmj180's ghost is severely damaged.
Bmj180's ghost gestures at you while chanting.
You are frozen.
* * * LOW HITPOINT WARNING * * *
You closely miss bmj180's ghost.
Bmj180's ghost is severely damaged.
Bmj180's ghost hits you but does no damage.
You barely miss bmj180's ghost.
Bmj180's ghost is severely damaged.
Bmj180's ghost hits you.
You die...

..)###+###.............##.#
(.)###.###.............##.#
.........#.............##.######
.........+..>..................#
....##...................#####.#
.##.##....#############..# #.#
.##.#####.#...........#..# #.#
.##.......#...........#..#####.#
.##.####..#..###@###..#........#
....#.....#..#8#W#8#..#.#####..#
....#.....#$...5ZZ....#...###..#
..(.#....©#(....Z.....#©.......#
....+.....#...?.......#....###.#
....#...#.#..#8#.#8#..#.##.# #.#
##...#....#..###.###..#.<..###.##
.##..#....#...........#..........
.....#....#©..........#.#......##


You could see bmj180's ghost, a shadow imp, a leopard gecko zombie, a worker ant
zombie and a bullfrog skeleton.

Vanquished Creatures
  An orc wizard (D:3)
  Crazy Yiuf (D:2)
  2 gnolls
  3 adders
  An ooze (D:3)
  An adder skeleton (D:3)
  3 worms (D:3)
  4 leopard geckos
  5 orcs (D:3)
  A ball python (D:1)
  2 giant cockroaches
  7 goblins
  5 hobgoblins
  8 jackals (D:1)
  9 kobolds
  A quokka (D:3)
  10 bats
  6 rats
70 creatures vanquished.

Notes
Turn   | Place    | Note
-------+----------+-------------------------------------------
     0 | D:1      | Kairos the Deep Dwarf Fighter began the quest for the Orb.
     0 | D:1      | Reached XP level 1. HP: 20/20 MP: 1/1
    75 | D:1      | Reached XP level 2. HP: 24/27 MP: 2/2
   526 | D:1      | Reached XP level 3. HP: 27/33 MP: 3/3
  1304 | D:2      | Reached XP level 4. HP: 18/42 MP: 4/4
  1502 | D:2      | Found a shimmering altar of Xom.
  1571 | D:2      | Found a runed translucent door.
  1572 | D:2      | Noticed Crazy Yiuf
  1812 | D:2      | Killed Crazy Yiuf
  2043 | D:3      | Reached XP level 5. HP: 30/49 MP: 4/4
  2049 | D:3      | Reached skill level 1 in Dodging
  2088 | D:3      | Found a transporter.
  2091 | D:3      | Noticed bmj180's ghost (amateur MfIE)
  2122 | D:3      | Found a transporter.
  2610 | D:3      | Slain by bmj180's ghost

Skill      XL: |  1  2  3  4  5 |
---------------+----------------+-----
Fighting       | 3 |  3.2
Axes           | 3 4 |  4.6
Armour         | 4 |  4.0
Shields        | 4 |  4.1
Dodging        | 1 |  1.1

Action                   |  1- 3 |  4- 6 || total
-------------------------+-------+-------++-------
Melee: War axe           |   113 |   152 ||   265
 Abil: Heal Wounds       |       |     5 ||     5
  Use: Scroll            |       |     8 ||     8
  Eat: Chunk             |     1 |     4 ||     5
Armor: Scale mail        |    29 |       ||    29
       Ring mail         |    40 |    54 ||    94
Dodge: Dodged            |    55 |    44 ||    99
Block: Shield            |    83 |    75 ||   158
